TOP OF THE 1ST |
Amarillo ThunderHeads batting - Pitching for Roswell Invaders : LHP Henry Torres
|
Pitching: LHP Henry Torres
|
|
Batting: SHB Zack Barton
|
0-0: Swinging Strike 0-1: Ground out 6-3 (Groundball, 6M, EV 104.4 MPH)
|
Batting: RHB Luis Reyna
|
0-0: DOUBLE (Flyball, 9LD, EV 111.3 MPH) - OUT at third base trying to stretch hit.
|
Batting: RHB Bryan Wheeler
|
0-0: Ball 1-0: Ball 2-0: Called Strike 2-1: Foul Ball, location: 2F 2-2: Fly out, F7 (Flyball, 78M, EV 85.0 MPH)
|
Top of the 1st over - 0 runs, 1 hit, 0 errors, 0 left on base; Amarillo 0 - Roswell 0 |
BOTTOM OF THE 1ST |
Roswell Invaders batting - Pitching for Amarillo ThunderHeads : RHP Torsten Fisher
|
Pitching: RHP Torsten Fisher
|
|
Batting: RHB Orlando Florez
|
0-0: Foul Ball, location: 2F 0-1: Called Strike 0-2: Ball 1-2: Foul Ball, location: 2F 1-2: Ball 2-2: Foul Ball, location: 2F 2-2: Ball 3-2: Strikes out swinging
|
Batting: SHB Ethan Newby
|
0-0: DOUBLE (Line Drive, 89D, EV 101.9 MPH)
|
Batting: LHB Dallas Kelly
|
0-0: Foul Ball, location: 2F 0-1: Ball 1-1: Ball 2-1: Foul Ball, location: 2F 2-2: Strikes out swinging
|
Batting: RHB Mike Swift
|
0-0: Swinging Strike 0-1: Swinging Strike 0-2: Ball Passed Ball! Ethan Newby to third 1-2: Strikes out swinging
|
Bottom of the 1st over - 0 runs, 1 hit, 0 errors, 1 left on base; Amarillo 0 - Roswell 0 |
TOP OF THE 2ND |
Amarillo ThunderHeads batting - Pitching for Roswell Invaders : LHP Henry Torres
|
Batting: RHB Salvatore Zamora
|
0-0: Called Strike 0-1: Ball 1-1: Foul Ball, location: 2F 1-2: Foul Ball, location: 2F 1-2: Foul Ball, location: 2F 1-2: Ball 2-2: Ground out 5-3 (Groundball, 56, EV 98.1 MPH)
|
Batting: RHB Sal Cervantes
|
0-0: Swinging Strike 0-1: Ball 1-1: Foul Ball, location: 2F 1-2: Ground out 5-3 (Groundball, 5S, EV 71.3 MPH)
|
Batting: SHB Tim Rogers
|
0-0: Called Strike 0-1: Ball 1-1: Swinging Strike 1-2: Ball 2-2: Ground out 5-3 (Groundball, 56, EV 100.0 MPH)
|
Top of the 2nd over - 0 runs, 0 hits, 0 errors, 0 left on base; Amarillo 0 - Roswell 0 |
BOTTOM OF THE 2ND |
Roswell Invaders batting - Pitching for Amarillo ThunderHeads : RHP Torsten Fisher
|
Batting: RHB Josh Burrows
|
0-0: Ball 1-0: Called Strike 1-1: Swinging Strike 1-2: Foul Ball, location: 2F 1-2: Foul Ball, location: 2F 1-2: Foul Ball, location: 2F 1-2: Foul Ball, location: 2F 1-2: Ball 2-2: Fly out, F7 (Flyball, 7, EV 94.4 MPH)
|
Batting: LHB Josh Thomas
|
0-0: Called Strike 0-1: Fly out, F7 (Flyball, 78S, EV 95.6 MPH)
|
Batting: RHB Cody Savastand
|
0-0: Called Strike 0-1: SINGLE (Groundball, 56D, EV 93.8 MPH)
|
Batting: LHB Afanasy Apatenko
|
0-0: Foul Ball, location: 2F 0-1: Ball 1-1: Fielders Choice at 2nd, 6-4 (Groundball, 6, EV 83.8 MPH)
|
Bottom of the 2nd over - 0 runs, 1 hit, 0 errors, 1 left on base; Amarillo 0 - Roswell 0 |
TOP OF THE 3RD |
Amarillo ThunderHeads batting - Pitching for Roswell Invaders : LHP Henry Torres
|
Batting: RHB Luis Solorzano
|
0-0: SINGLE (Groundball, 34D, EV 96.3 MPH)
|
Batting: RHB Ron Squires
|
0-0: Called Strike 0-1: Ball Pickoff Throw by Catcher to First - Error! E2 Luis Solorzano to second 1-1: Ball 2-1: Foul Ball, location: 2F 2-2: Fly out, F9 (Line Drive, 9, EV 90.6 MPH)
|
Batting: SHB Tyler Romo
|
0-0: Foul Ball, location: 2F 0-1: Foul Ball, location: 2F 0-2: Strikes out swinging
|
Batting: SHB Zack Barton
|
0-0: Ball 1-0: Called Strike 1-1: Hit by Pitch
|
Batting: RHB Luis Reyna
|
0-0: Swinging Strike 0-1: Ball 1-1: Fly out, F8 (Flyball, 8LD, EV 100.0 MPH)
|
Top of the 3rd over - 0 runs, 1 hit, 1 error, 2 left on base; Amarillo 0 - Roswell 0 |
BOTTOM OF THE 3RD |
Roswell Invaders batting - Pitching for Amarillo ThunderHeads : RHP Torsten Fisher
|
Batting: LHB Falco van Koeveringe
|
0-0: Ball 1-0: Ball 2-0: Ball 3-0: Called Strike 3-1: Called Strike 3-2: Foul Ball, location: 2F 3-2: Strikes out swinging
|
Batting: RHB Orlando Florez
|
0-0: Called Strike 0-1: Fly out, F8 (Line Drive, 8RD, EV 107.5 MPH)
|
Batting: SHB Ethan Newby
|
0-0: Called Strike 0-1: SINGLE (Line Drive, 7S, EV 93.8 MPH)
|
Batting: LHB Dallas Kelly
|
0-0: Ground out 4-3 (Groundball, 34, EV 79.4 MPH)
|
Bottom of the 3rd over - 0 runs, 1 hit, 0 errors, 1 left on base; Amarillo 0 - Roswell 0 |
TOP OF THE 4TH |
Amarillo ThunderHeads batting - Pitching for Roswell Invaders : LHP Henry Torres
|
Batting: RHB Bryan Wheeler
|
0-0: Called Strike 0-1: Called Strike 0-2: Foul Ball, location: 2F 0-2: Ball 1-2: Ball 2-2: Foul Ball, location: 2F 2-2: Foul Ball, location: 2F 2-2: Foul Ball, location: 2F 2-2: Ball 3-2: Base on Balls
|
Batting: RHB Salvatore Zamora
|
0-0: Ball 1-0: Called Strike 1-1: Ball 2-1: SINGLE (Flyball, 34D, EV 94.4 MPH) Bryan Wheeler to second
|
Batting: RHB Sal Cervantes
|
0-0: Ball 1-0: Ball 2-0: Called Strike 2-1: Ball 3-1: Base on Balls Bryan Wheeler to third Salvatore Zamora to second
|
Batting: SHB Tim Rogers
|
0-0: Swinging Strike 0-1: SINGLE (Line Drive, 7S, EV 106.3 MPH) Bryan Wheeler scores Salvatore Zamora to third Sal Cervantes to second
|
Batting: RHB Luis Solorzano
|
0-0: Ball 1-0: Foul Ball, location: 2F 1-1: Foul Ball, location: 2F 1-2: Ball 2-2: DOUBLE (Line Drive, 78D, EV 109.4 MPH) Salvatore Zamora scores Sal Cervantes scores Tim Rogers to third
|
Batting: RHB Ron Squires
|
0-0: Ball 1-0: Ball 2-0: Called Strike 2-1: Ground out 4-3 (Groundball, 4, EV 90.0 MPH) Tim Rogers scores Luis Solorzano to third
|
Batting: SHB Tyler Romo
|
0-0: Fly out, F7 (Line Drive, 7, EV 89.4 MPH)
|
Batting: SHB Zack Barton
|
0-0: Reached on error, E6 (Groundball, 6, EV 87.5 MPH) Luis Solorzano scores
|
Batting: RHB Luis Reyna
|
0-0: Called Strike 0-1: Foul Ball, location: 2F 0-2: Foul Ball, location: 2F 0-2: Foul Ball, location: 2F 0-2: Fly out, F9 (Line Drive, 9, EV 85.0 MPH)
|
Top of the 4th over - 5 runs, 3 hits, 1 error, 1 left on base; Amarillo 5 - Roswell 0 |
BOTTOM OF THE 4TH |
Roswell Invaders batting - Pitching for Amarillo ThunderHeads : RHP Torsten Fisher
|
Batting: RHB Mike Swift
|
0-0: Ball 1-0: Foul Ball, location: 2F 1-1: Called Strike 1-2: Fly out, F7 (Flyball, 7LM, EV 109.4 MPH)
|
Batting: RHB Josh Burrows
|
0-0: Fly out, F8 (Flyball, 78XD, EV 103.8 MPH)
|
Batting: LHB Josh Thomas
|
0-0: Called Strike 0-1: Ball 1-1: Swinging Strike 1-2: Strikes out looking
|
Bottom of the 4th over - 0 runs, 0 hits, 0 errors, 0 left on base; Amarillo 5 - Roswell 0 |
TOP OF THE 5TH |
Amarillo ThunderHeads batting - Pitching for Roswell Invaders : LHP Henry Torres
|
Batting: RHB Bryan Wheeler
|
0-0: Called Strike 0-1: Ball 1-1: Ball 2-1: SINGLE (Flyball, 78S, EV 90.0 MPH)
|
Batting: RHB Salvatore Zamora
|
0-0: Foul Ball, location: 2F 0-1: Ball 1-1: SINGLE (Flyball, 8RS, EV 96.9 MPH) Bryan Wheeler to second
|
Batting: RHB Sal Cervantes
|
0-0: Grounds into double play, 4-6-3 (Groundball, 4, EV 104.4 MPH) Bryan Wheeler to third
|
Batting: SHB Tim Rogers
|
0-0: Called Strike 0-1: Ball 1-1: Ball 2-1: Swinging Strike 2-2: Foul Ball, location: 2F 2-2: Foul Ball, location: 2F 2-2: Strikes out looking
|
Top of the 5th over - 0 runs, 2 hits, 0 errors, 1 left on base; Amarillo 5 - Roswell 0 |
BOTTOM OF THE 5TH |
Roswell Invaders batting - Pitching for Amarillo ThunderHeads : RHP Torsten Fisher
|
Batting: RHB Cody Savastand
|
0-0: Fly out, F4 (Line Drive, 4, EV 68.1 MPH)
|
Batting: LHB Afanasy Apatenko
|
0-0: Called Strike 0-1: Foul Ball, location: 2F 0-2: Ball 1-2: Strikes out swinging
|
Batting: LHB Falco van Koeveringe
|
0-0: Ball 1-0: Swinging Strike 1-1: Foul Ball, location: 2F 1-2: Foul Ball, location: 2F 1-2: Fly out, F9 (Flyball, 9D, EV 95.6 MPH)
|
Bottom of the 5th over - 0 runs, 0 hits, 0 errors, 0 left on base; Amarillo 5 - Roswell 0 |
TOP OF THE 6TH |
Amarillo ThunderHeads batting - Pitching for Roswell Invaders : LHP Henry Torres
|
Batting: RHB Luis Solorzano
|
0-0: Foul Ball, location: 2F 0-1: Ball 1-1: Called Strike 1-2: Foul Ball, location: 2F 1-2: Ball 2-2: Ground out 4-3 (Groundball, 4, EV 92.5 MPH)
|
Batting: RHB Ron Squires
|
0-0: Called Strike 0-1: SINGLE (Groundball, 34D, EV 95.6 MPH)
|
Batting: SHB Tyler Romo
|
0-0: Called Strike 0-1: Ball Ron Squires steals 2nd, throwing error, E2 Ron Squires to third 1-1: Ball 2-1: Foul Ball, location: 2F 2-2: Strikes out swinging
|
Batting: SHB Zack Barton
|
0-0: Ball 1-0: Called Strike 1-1: Ball 2-1: Foul Ball, location: 2F 2-2: Fly out, F7 (Flyball, 7D, EV 105.0 MPH)
|
Top of the 6th over - 0 runs, 1 hit, 1 error, 1 left on base; Amarillo 5 - Roswell 0 |
BOTTOM OF THE 6TH |
Roswell Invaders batting - Pitching for Amarillo ThunderHeads : RHP Torsten Fisher
|
Batting: RHB Orlando Florez
|
0-0: Called Strike 0-1: Swinging Strike 0-2: Strikes out swinging
|
Batting: SHB Ethan Newby
|
0-0: Ball 1-0: Called Strike 1-1: Foul Ball, location: 2F 1-2: Ground out 6-3 (Groundball, 56, EV 85.6 MPH)
|
Batting: LHB Dallas Kelly
|
0-0: Ball 1-0: Foul Ball, location: 2F 1-1: Foul Ball, location: 2F 1-2: Ball 2-2: Ground out 4-3 (Groundball, 4, EV 82.5 MPH)
|
Bottom of the 6th over - 0 runs, 0 hits, 0 errors, 0 left on base; Amarillo 5 - Roswell 0 |
TOP OF THE 7TH |
Amarillo ThunderHeads batting - Pitching for Roswell Invaders : LHP Henry Torres
|
Pitching: RHP Jaylen Hatten
|
|
Batting: RHB Luis Reyna
|
0-0: Called Strike 0-1: Ball 1-1: SINGLE (Groundball, 6MD, EV 103.8 MPH)
|
Batting: RHB Bryan Wheeler
|
0-0: Ball 1-0: Ball 2-0: Ball 3-0: Base on Balls Luis Reyna to second
|
Batting: RHB Salvatore Zamora
|
0-0: Ball 1-0: DOUBLE (Line Drive, 9LM, EV 95.6 MPH) Luis Reyna scores Bryan Wheeler to third
|
Batting: RHB Sal Cervantes
|
0-0: Ball 1-0: Ball 2-0: Called Strike 2-1: Foul Ball, location: 2F 2-2: Ground out 4-3 (Groundball, 4S, EV 78.1 MPH) Bryan Wheeler scores Salvatore Zamora to third
|
Batting: SHB Tim Rogers
|
0-0: Called Strike 0-1: Fly out, F3 (Line Drive, 3, EV 71.3 MPH)
|
Batting: RHB Luis Solorzano
|
0-0: Called Strike 0-1: Ball 1-1: Ball 2-1: Swinging Strike 2-2: Foul Ball, location: 2F 2-2: Foul Ball, location: 2F 2-2: Ball 3-2: Strikes out swinging
|
Top of the 7th over - 2 runs, 2 hits, 0 errors, 1 left on base; Amarillo 7 - Roswell 0 |
BOTTOM OF THE 7TH |
Roswell Invaders batting - Pitching for Amarillo ThunderHeads : RHP Torsten Fisher
|
Batting: RHB Mike Swift
|
0-0: Ball 1-0: Ball 2-0: Called Strike 2-1: Swinging Strike 2-2: Fly out, F8 (Flyball, 8LD, EV 86.3 MPH)
|
Batting: RHB Josh Burrows
|
0-0: Called Strike 0-1: Called Strike 0-2: Strikes out looking
|
Batting: LHB Josh Thomas
|
0-0: Ground out 4-3 (Groundball, 4, EV 86.3 MPH)
|
Bottom of the 7th over - 0 runs, 0 hits, 0 errors, 0 left on base; Amarillo 7 - Roswell 0 |
TOP OF THE 8TH |
Amarillo ThunderHeads batting - Pitching for Roswell Invaders : RHP Jaylen Hatten
|
Batting: RHB Ron Squires
|
0-0: Ball 1-0: Ball 2-0: Called Strike 2-1: DOUBLE (Line Drive, 9LM, EV 100.6 MPH)
|
Batting: SHB Tyler Romo
|
0-0: Ball 1-0: Called Strike 1-1: Swinging Strike 1-2: DOUBLE (Line Drive, 7LM, EV 96.3 MPH) Ron Squires scores
|
Batting: SHB Zack Barton
|
0-0: Ball 1-0: Ball 2-0: SINGLE (Groundball, 34S, EV 63.8 MPH) (infield hit) Tyler Romo to third
|
Batting: RHB Luis Reyna
|
0-0: Called Strike 0-1: Called Strike 0-2: Ball 1-2: Strikes out swinging
|
Pinch Hitting: RHB Nick Solberg
|
0-0: Called Strike 0-1: Ball Zack Barton steals 2nd base 1-1: Called Strike 1-2: Strikes out looking
|
Batting: RHB Salvatore Zamora
|
0-0: Ball Wild Pitch! Tyler Romo scores Zack Barton to third 1-0: Swinging Strike 1-1: Foul Ball, location: 2F 1-2: Foul Ball, location: 2F 1-2: SINGLE (Groundball, 5D, EV 97.5 MPH) Zack Barton scores
|
Pitching: RHP Jake Priest
|
|
Batting: RHB Sal Cervantes
|
0-0: Called Strike 0-1: Swinging Strike 0-2: Ball 1-2: Foul Ball, location: 2F 1-2: SINGLE (Groundball, 25, EV 65.6 MPH) (infield hit) Salvatore Zamora to second
|
Batting: SHB Tim Rogers
|
0-0: Ball 1-0: Ball 2-0: Called Strike 2-1: Foul Ball, location: 2F 2-2: Strikes out swinging
|
Top of the 8th over - 3 runs, 5 hits, 0 errors, 2 left on base; Amarillo 10 - Roswell 0 |
BOTTOM OF THE 8TH |
Roswell Invaders batting - Pitching for Amarillo ThunderHeads : RHP Torsten Fisher
|
Now in LF: Nick Solberg
|
|
Batting: RHB Cody Savastand
|
0-0: Called Strike 0-1: Called Strike 0-2: Foul Ball, location: 2F 0-2: Ball 1-2: Foul Ball, location: 2F 1-2: Ball 2-2: Foul Ball, location: 2F 2-2: Strikes out swinging
|
Batting: LHB Afanasy Apatenko
|
0-0: Ball 1-0: Ground out 4-3 (Groundball, 4, EV 86.3 MPH)
|
Batting: LHB Falco van Koeveringe
|
0-0: Foul Ball, location: 2F 0-1: Foul Ball, location: 2F 0-2: Ball 1-2: Strikes out looking
|
Bottom of the 8th over - 0 runs, 0 hits, 0 errors, 0 left on base; Amarillo 10 - Roswell 0 |
TOP OF THE 9TH |
Amarillo ThunderHeads batting - Pitching for Roswell Invaders : RHP Jake Priest
|
Batting: RHB Luis Solorzano
|
0-0: Ball 1-0: Foul Ball, location: 2F 1-1: Ball 2-1: Called Strike 2-2: Ball 3-2: Foul Ball, location: 2F 3-2: Base on Balls
|
Pinch Hitting: RHB Sam Voss
|
0-0: Called Strike 0-1: Swinging Strike 0-2: Foul Ball, location: 2F 0-2: SINGLE (Line Drive, 78S, EV 106.9 MPH) Luis Solorzano to second
|
Pinch Hitting: LHB Santino Pisanello
|
0-0: Ball 1-0: Called Strike 1-1: Ball 2-1: Foul Ball, location: 2F 2-2: Foul Ball, location: 2F 2-2: Ball 3-2: Foul Ball, location: 2F 3-2: Foul Ball, location: 2F 3-2: SINGLE (Groundball, 56, EV 95.0 MPH) (infield hit) Luis Solorzano to third Sam Voss to second
|
Pitching: RHP Jeff Whaley
|
|
Batting: SHB Zack Barton
|
0-0: Called Strike 0-1: Ball 1-1: DOUBLE (Line Drive, 9LS, EV 109.4 MPH) Luis Solorzano scores Sam Voss scores Santino Pisanello to third
|
Batting: RHB Luis Reyna
|
0-0: SINGLE (Flyball, 34D, EV 91.3 MPH) Santino Pisanello scores Zack Barton to third
|
Batting: RHB Nick Solberg
|
0-0: Ball 1-0: Foul Ball, location: 2F 1-1: Fly out, F8 (Flyball, 89D, EV 86.9 MPH) Runner from 3rd tags up, SCORES, throw by CF
|
Batting: RHB Salvatore Zamora
|
0-0: Ball 1-0: Ball 2-0: Ball 3-0: Base on Balls Luis Reyna to second
|
Batting: RHB Sal Cervantes
|
0-0: Called Strike 0-1: Ball 1-1: DOUBLE (Line Drive, 78D, EV 107.5 MPH) Luis Reyna scores Salvatore Zamora to third Runner from 3rd tries for Home, SAFE, throw by CF to trailing runner, SAFE at third!
|
Batting: SHB Tim Rogers
|
0-0: Foul Ball, location: 2F 0-1: Ball 1-1: Swinging Strike 1-2: Strikes out looking
|
Pitching: LHP Jeff Haight
|
|
Batting: RHB Luis Solorzano
|
0-0: Foul Ball, location: 2F 0-1: Swinging Strike 0-2: Strikes out swinging
|
Top of the 9th over - 6 runs, 5 hits, 0 errors, 1 left on base; Amarillo 16 - Roswell 0 |
BOTTOM OF THE 9TH |
Roswell Invaders batting - Pitching for Amarillo ThunderHeads : RHP Torsten Fisher
|
Now at 2B: Carlos Munos
|
|
Now in RF: Sam Voss
|
|
Batting: RHB Orlando Florez
|
0-0: Fly out, F9 (Flyball, 89S, EV 91.3 MPH)
|
Batting: SHB Ethan Newby
|
0-0: SINGLE (Groundball, 6D, EV 96.9 MPH)
|
Batting: LHB Dallas Kelly
|
0-0: Called Strike 0-1: Ball 1-1: Fly out, F8 (Flyball, 8LM, EV 91.9 MPH)
|
Batting: RHB Mike Swift
|
0-0: SINGLE (Flyball, 9LS, EV 93.1 MPH) Ethan Newby to second
|
Batting: RHB Josh Burrows
|
0-0: Called Strike 0-1: Ball 1-1: Ball 2-1: Fly out, F8 (Flyball, 78D, EV 106.9 MPH)
|
Bottom of the 9th over - 0 runs, 2 hits, 0 errors, 2 left on base; Amarillo 16 - Roswell 0 |
|